[Event "Early-Titled-Tuesday-Blitz-May-14-2024"]
[Site "Chess.com"]
[Date "2024.05.14"]
[Round "2"]
[White "dontcatchmeifyoucant"]
[Black "BestStelker"]
[Result "1-0"]
[WhiteElo "2452"]
[BlackElo "2719"]
[TimeControl "180+1"]
[EndTime "8:20:47 PDT"]
[Termination "dontcatchmeifyoucant won on time"]

1. e4 c5 2. Nf3 e6 3. d4 cxd4 4.
Nxd4 a6 5. c4 Nf6 6. Nc3 Qc7 7.
a3 d6 8. Be2 g6 9. O-O Bg7 10.
Be3 O-O 11. Qd2 b6 12. Rfc1 Bb7 13. f3 Re8 14. b4 Nbd7 15. a4 Rac8 16. Nb3 Qb8 17.
a5 d5 18. axb6 dxe4 19. Na5 exf3 20. Nxb7 fxe2 21. Nd6 Ne5 22. Nxe8 Nxe8 23. c5 Ng4 24.
Bf4 Be5 25. Nxe2 Rd8 26. Bxe5 Qxe5 27. Qf4 Qxe2 28. Re1 Qb2 29. Qxg4 Nf6 30. Qf3 Nd5 31. b7 Qxb4 32. c6 Qc5+ 33. Kh1 Qxc6 34. Rab1 Rb8 35.
Qg3 Rxb7 36. Rxb7 Qxb7 37. Qd6 a5 38. Qd8+ Kg7 39. Qxa5 Qb2 40. Qa1 Qxa1 41. Rxa1 f5 42. g3 Kf6 43. Ra6 h5 44. h4 Ke5 45. Kg2 Nf6 46.
Ra5+ Kd6 47. Kf3 e5 48. Ra6+ Ke7 49. Ra7+ Ke6 50. Ra6+ Kf7 51. Ra7+ Kf8 52. Ra8+ Kg7 53. Ra7+ Kh6 54. Ra6 Ng4 55. Ra8 Kg7 56. Ra7+ Kf6 57. Ra6+ Kf7 58. Ra7+ Kf8 59. Ra8+ Ke7 60. Ra7+ Kf6 61.
Ra6+ Kg7 62. Ra7+ Kh6 63. Ra8 e4+ 64. Kf4 Nf2 65. Rh8+ Kg7 66. Ra8 Nh3+ 67. Ke3 Kf6 68. Ra6+ Kf7 69. Ra7+ Kf6 70. Ra6+ Kf7 71. Ra1 g5 72.
Rh1 f4+ 73. gxf4 Nxf4 74. hxg5 Ne6 75. Rxh5 Kg6 76. Rh6+ Kf7 77. Rf6+ Ke7 78. Rf5 Nf8 79. Kxe4 Ng6 80. Rf6 Nf8 81. Kf5 Nd7 82. Ra6 Ke8 83.
g6 Nc5 84. Ra7 Kf8 85. Kf6 Ne4+ 86. Ke5 Ng5 87. Kf5 Nf3 88. Kf6 1-0

[Event "Early-Titled-Tuesday-Blitz-May-14-2024"]
[Site "Chess.com"]
[Date "2024.05.14"]
[Round "2"]
[White "Smoking_Crow"]
[Black "sergiochess83"]
[Result "0-1"]
[WhiteElo "2600"]
[BlackElo "2878"]
[TimeControl "180+1"]
[EndTime "8:20:55 PDT"]
[Termination "sergiochess83 won by checkmate"]

1. e4 e6 2. d4 d5 3. Nd2 c5 4. exd5 Qxd5 5. Ngf3 cxd4 6. Bc4 Qd6 7. O-O Nc6 8. Nb3 Nf6 9. Nbxd4 Nxd4 10. Nxd4 Be7 11. Re1 O-O 12. c3 Bd7 13. Qe2 Rfe8 14. Bg5 Qb6 15. Be3 Qc7 16. Bb3 a6 17. Rad1 Rad8 18. Qf3 Bc8 19. Bf4 Bd6 20. Bxd6 Rxd6 21. h3 Red8 22.
Rc1 h6 23. Qg3 Qb6 24. Nf3 Bd7 25. Qe5 Be8 26. c4 Qc6 27. Qe2 Qc5 28. Bc2 Bc6 29.
a3 a5 30. Bb1 b6 31. Rc3 Bxf3 32. Qxf3 Rd2 33. Bc2 R8d4 34. Qe3 Rd6 35. Qf3 Rd8 36.
Rb1 Qd4 37. b4 axb4 38. axb4 Rxf2 39. Qxf2 Qxc3 40. Qxb6 Re8 41. Bb3 Ne4 42. Qc6 Qe3+ 43. Kh1 Ng3+ 44. Kh2 Rf8 45. Qf3 Qxf3 46. gxf3 Nf5 47. c5 Nd4 48. Ba4 Ra8 49. Bd7 Kf8 50.
b5 Ke7 51. c6 Kd6 52. b6 Nxc6 53. b7 Rb8 54. Bc8 Kc7 55. Rc1 Kb6 56. Kg3 Na5 57.
Rb1+ Kc7 58. Kf4 Nxb7 59. Bxb7 Rxb7 60. Rd1 Rb5 61. Rd2 Rf5+ 62. Kg4 Kc6 63. f4 g6 64. h4 h5+ 65. Kg3 Rd5 66. Ra2 Kd6 67. Kf3 Rf5 68. Ke4 Ke7 69. Ra8 Kf6 70. Ra7 Rb5 71. Ra4 Rb3 72. f5 gxf5+ 73. Kf4 Rd3 74. Ra6 Rd4+ 75. Kg3 Rg4+ 76. Kf3 Rxh4 77. Ra7 Rg4 78. Ra8 h4 79.
Rh8 e5 80. Rh6+ Kg5 81. Rh7 Rg3+ 82. Kf2 f6 83. Rh8 Rb3 84. Rg8+ Kf4 85. Rh8 h3 86.
Kg1 Kg3 87. Rg8+ Kf3 88. Kh2 e4 89. Rg3+ Kf2 90. Rxb3 e3 91. Rb5 f4 92. Rf5 f3 93. Kxh3 e2 94. Kg4 e1=Q 95. Rxf3+ Kg2 96. Rxf6 Qe4+ 97. Kg5 Kg3 98. Rf5 Qe6 99. Rf6 Qe5+ 100. Rf5 Qg7+ 101. Kh5 Qg4+ 102. Kh6 Qxf5 103. Kg7 Kh4 104. Kh8 Kg5 105. Kg8 Qd7 106. Kh8 Kf6 107. Kg8 Qg7# 0-1

[Event "Early-Titled-Tuesday-Blitz-May-14-2024"]
[Site "Chess.com"]
[Date "2024.05.14"]
[Round "2"]
[White "hongnhung1234"]
[Black "bangchess21"]
[Result "1/2-1/2"]
[WhiteElo "2546"]
[BlackElo "2768"]
[TimeControl "180+1"]
[EndTime "8:21:13 PDT"]
[Termination "Game drawn by stalemate"]

1. e4 e5 2. Nf3 Nc6 3. d4 exd4 4. Nxd4 Qf6 5. Be3 Bc5 6. c3 Nge7 7. Bc4 O-O 8. O-O b6 9. Qd2 Qg6 10. Nxc6 Qxc6 11.
Bxc5 Qxc5 12. Qe2 d6 13. Nd2 Be6 14. Bb3 Bxb3 15. Nxb3 Qe5 16. Rfe1 Rae8 17. Qa6 Nc6 18.
a4 Qe6 19. Qb5 Qd7 20. Nd4 Ne5 21. Qa6 c6 22. Rad1 Qc7 23. Nf5 Re6 24. h3 Rfe8 25.
Rd2 Rg6 26. Kh1 h5 27. Red1 Ree6 28. b4 Ref6 29. Qe2 Qd7 30. f4 Ng4 31. hxg4 Rxg4 32.
Rxd6 Rxd6 33. Rxd6 Qe8 34. Qd3 Kh7 35. Kg1 g6 36.
Rd8 Qe6 37. Qd4 f6 38. Qd7+ Qxd7 39. Rxd7+ Kh8 40. Ne7 h4 41. Kh2 Rg3 42. Rxa7 g5 43.
fxg5 fxg5 44. Nf5 Rxc3 45. a5 bxa5 46. bxa5 Ra3 47. Ra8+ Kh7 48. a6 Kg6 49. Nd6 g4 50. a7 Ra1 51. Rg8+ Kh5 52. Rh8+ Kg5 53. Nf7+ Kf4 54.
Rxh4 Rxa7 55. Nh6 Kg5 56. Nf5 Ra4 57. Rh8 Rxe4 58. Ng3 Rc4 59. Rc8 Rc2 60. Kg1 Kf4 61. Nh5+ Kg5 62. Ng7 g3 63. Kf1 Rf2+ 64. Kg1 Rc2 65. Rf8 Re2 66. Kf1 Re7 67. Nf5 Re5 68.
Nxg3 c5 69. Rc8 Kg4 70. Kf2 Re7 71. Rxc5 Rf7+ 72. Rf5 Rxf5+ 73. Nxf5 Kxf5 74. Kf3 Kg5 75. Kg3 Kf5 76. Kh4 Kg6 77. Kg4 Kf6 78. Kh5 Kg7 79. g3 Kh7 80. g4 Kg8 81. Kg5 Kg7 82. Kf5 Kf7 83. Kg5 Kg7 84. Kh5 Kh7 85. g5 Kg7 86. Kh4 Kg6 87. Kg4 Kg7 88. Kh5 Kh7 89. g6+ Kg7 90.
Kg5 Kg8 91. Kf5 Kg7 92. Kg5 Kg8 93. Kf6 Kf8 94. g7+ Kg8 95. Kg6 1/2-1/2

[Event "Early-Titled-Tuesday-Blitz-May-14-2024"]
[Site "Chess.com"]
[Date "2024.05.14"]
[Round "2"]
[White "CrushingKings"]
[Black "Iball95"]
[Result "1/2-1/2"]
[WhiteElo "2628"]
[BlackElo "2919"]
[TimeControl "180+1"]
[EndTime "8:21:21 PDT"]
[Termination "Game drawn by repetition"]

1. Nf3 d5 2. g3 Nf6 3. Bg2 c5 4. O-O Nc6 5. d4 e6 6. c4 Be7 7. cxd5 exd5 8. dxc5 Bxc5 9. Nc3 O-O 10. Bg5 d4 11. Na4 Be7 12. Rc1 h6 13. Bxf6 Bxf6 14. Nc5 Re8 15. Qb3 Qb6 16. Rfe1 Re7 17. Nd2 Be5 18.
Nxb7 Bxb7 19. Bxc6 Qa6 20. Bxb7 Rxb7 21. Qd5 Bf6 22. Ne4 Rab8 23. Rc6 Rb6 24. Nxf6+ gxf6 25. Rxb6 Qxb6 26. b3 Re8 27. Qc4 Re4 28. Rd1 Kg7 29.
e3 Qa5 30. Rxd4 Rxd4 31. Qxd4 Qxa2 32. Qa4 Qb1+ 33. Kg2 Qc2 34. Qxa7 Qxb3 35. Qa8 Qc4 36. h4 Qb4 37. Qd5 Qa4 38. Qd4 Qc6+ 39. e4 Qe6 40. Qd5 Qe8 41. Kf3 Qa4 42. Kf4 Qa7 43. Kf3 Qa3+ 44. Kg2 Qb2 45. Qf5 Qd4 46. Qg4+ Kf8 47. Qf4 Kg7 48. Qg4+ Kf8 49. Qf5 Kg7 50. Qd5 Qc3 51.
g4 Qb2 52. Qf5 Qd4 53. g5 hxg5 54. hxg5 fxg5 55. Qxg5+ Kf8 56. Qh6+ Kg8 57. Qf4 Kf8 58. Qb8+ Kg7 59. Qg3+ Kf8 60. Qg4 Qe5 61. Kf3 Qf6+ 62. Qf4 Qc3+ 63. Kg4 Qg7+ 64. Kf3 Qc3+ 65. Qe3 Qf6+ 66.
Ke2 Qb2+ 67. Kd3 Qb3+ 68. Kd4 Qb6+ 69. Kd3 Qb3+ 70. Ke2 Qa2+ 71. Kf1 Qa1+ 72. Kg2 Qg7+ 73. Qg3 Qd4 74. f3 Qd2+ 75. Kh3 Qh6+ 76. Qh4 Qe6+ 77. Qg4 Qh6+ 78. Kg3 Qd6+ 79. Qf4 Qg6+ 80. Kf2 Qb6+ 81. Qe3 Qb2+ 82. Kg3 Qg7+ 83. Kh2 Qh8+ 84. Kg2 Qg7+ 85. Kf1 Qa1+ 86. Qe1 Qa3 87. Kf2 Qb2+ 88. Qe2 Qd4+ 89. Kf1 Qa1+ 90. Qe1 Qb2 91. Qa5 Qb1+ 92. Ke2 Qb2+ 93.
Qd2 Qb5+ 94. Qd3 Qb2+ 95. Ke3 Qb6+ 96. Qd4 Qh6+ 97. Ke2 Qh2+ 98. Qf2 Qd6 99. f4 Qa6+ 100. Kf3 Qd3+ 101. Qe3 Qf1+ 102. Kg3 Qa6 103. Qc5+ Kg8 104. Kg4 Qe6+ 105. Qf5 Qa2 106. Kg5 Kf8 107. Qc8+ Kg7 108. e5 Qg2+ 109. Qg4 Qc2 110. Kh4+ Kf8 111. Qg5 Qh2+ 112. Kg4 Qg2+ 113. Kh4 Qh2+ 114. Kg4 Qg2+ 115. Kh5 Qh3+ 116. Qh4 Qf5+ 117. Qg5 Qh3+ 118. Qh4 Qf5+ 119. Qg5 Qh3+ 1/2-1/2

[Event "Early-Titled-Tuesday-Blitz-May-14-2024"]
[Site "Chess.com"]
[Date "2024.05.14"]
[Round "2"]
[White "JoliyRoger"]
[Black "jumpingknight20"]
[Result "1/2-1/2"]
[WhiteElo "2415"]
[BlackElo "2734"]
[TimeControl "180+1"]
[EndTime "8:21:56 PDT"]
[Termination "Game drawn by agreement"]

1. d4 Nf6 2. c4 c6 3. Nc3 d5 4.
e3 g6 5. Nf3 Bg7 6. b3 O-O 7. Bb2 Bf5 8. Be2 Nbd7 9. Nh4 Be6 10. O-O Rc8 11. c5 Ne4 12. b4 a5 13. a3 b6 14. Rc1 axb4 15. axb4 bxc5 16. bxc5 Rb8 17. Ba1 Qa5 18. Qa4 Qxa4 19. Nxa4 Ra8 20. Nc3 Nd2 21. Rfd1 Nb3 22. Rb1 Nxa1 23. Rxa1 Rxa1 24.
Rxa1 Nxc5 25. Nf3 Ne4 26. Nxe4 dxe4 27. Nd2 c5 28. Nxe4 cxd4 29. exd4 Bxd4 30. Rd1 Rd8 31. Nc5 Bf5 32. Nb3 Bb6 33. Rxd8+ Bxd8 34. Nd4 Be4 35. Bf3 Bxf3 36. Nxf3 Bb6 37. Kf1 f6 38. Ke2 Kf7 39. h3 Ke6 40. Nd2 Kd5 41. f3 f5 42. g4 e6 43. Nb1 Bd4 44. Na3 Ke5 45. Nc2 Bb6 46.
Kf1 Kf4 47. Kg2 e5 48. gxf5 gxf5 49. Nb4 Bd4 50. Nd5+ Kg5 51. f4+ exf4 52. Kf3 Be5 53. Nb4 h6 54. Nd3 Bd6 55. Kg2 Kh4 56. Ne1 Kh5 57.
Nf3 Kg6 58. Kf1 Kf6 59. Ke2 Ke6 60. Kd3 Kd5 61. Nh4 Ke5 62. Nf3+ Ke6 63. Nh4 Be7 64.
Nf3 Bf6 65. Kc4 Kd6 66. Nd2 Ke5 67. Nf3+ Ke4 68. Nh2 Ke3 69. Kd5 f3 70. Ke6 Bh4 71. Kxf5 Bg3 72. Ng4+ Ke2 73. Kg6 Bf4 74. h4 Bd2 75. h5 f2 76. Nxf2 Kxf2 77. Kf5 Kf3 78. Ke5 Bc3+ 79. Kf5 Bd4 80. Ke6 Ke4 81. Kd6 Be3 82.
Ke6 Bf2 83. Kf6 Kf4 84. Ke6 Kg5 85. Ke5 Bg1 86. Ke4 Kg4 87. Kd3 Kf3 88. Kd2 Bf2 89.
Kd1 Bg3 90. Kd2 Bf2 91. Kd1 Ke3 92. Kc2 Ke2 93. Kc3 Be3 94. Kc2 Bd2 95. Kb2 Kd3 96.
Kb3 Bc3 97. Ka2 Kc2 98. Ka3 Be1 99. Ka2 Bb4 100. Ka1 Bd2 101. Ka2 Bc3 102. Ka3 Bd4 103. Kb4 Kd3 104. Kb3 Bc3 105. Ka2 Ke4 106. Kb3 Bf6 107. Kc2 Ke3 108. Kd1 Bh4 109. Kc2 Kf4 110. Kd2 Kg5 111. Ke2 Kxh5 112. Kf1 Kg4 113. Kg2 1/2-1/2

[Event "Early-Titled-Tuesday-Blitz-May-14-2024"]
[Site "Chess.com"]
[Date "2024.05.14"]
[Round "3"]
[White "ilqar_74"]
[Black "RantomOpening"]
[Result "1-0"]
[WhiteElo "2839"]
[BlackElo "2543"]
[TimeControl "180+1"]
[EndTime "8:23:59 PDT"]
[Termination "ilqar_74 won by resignation"]

1. e4 c5 2. Nf3 e6 3. d4 cxd4 4.
Nxd4 Nf6 5. Bd3 Nc6 6. Nxc6 bxc6 7. Nc3 d5 8. O-O Be7 9. Qf3 O-O 10. Bg5 h6 11. Bh4 Bb7 12. Rfe1 c5 13. exd5 Nxd5 14. Bxe7 Qxe7 15. Nxd5 1-0

[Event "Early-Titled-Tuesday-Blitz-May-14-2024"]
[Site "Chess.com"]
[Date "2024.05.14"]
[Round "3"]
[White "Balla_Tamas"]
[Black "Anton_Demchenko"]
[Result "0-1"]
[WhiteElo "2546"]
[BlackElo "2859"]
[TimeControl "180+1"]
[EndTime "8:24:29 PDT"]
[Termination "Anton_Demchenko won by resignation"]

1. e4 e5 2. Nf3 Nc6 3. d4 exd4 4. Nxd4 Bc5 5. Nb3 Bb4+ 6. Bd2 a5 7. Nc3 Nf6 8. a3 Be7 9. Bd3 O-O 10. O-O a4 11.
Nc1 Ne5 12. f4 Nxd3 13. Nxd3 d5 14. e5 Ne4 15. Qf3 Nxd2 0-1

[Event "Early-Titled-Tuesday-Blitz-May-14-2024"]
[Site "Chess.com"]
[Date "2024.05.14"]
[Round "3"]
[White "Sanyura"]
[Black "DACF2905"]
[Result "1-0"]
[WhiteElo "2646"]
[BlackElo "2441"]
[TimeControl "180+1"]
[EndTime "8:24:40 PDT"]
[Termination "Sanyura won by resignation"]

1. Nf3 Nf6 2. g3 d5 3. c4 e6 4. Bg2 Be7 5. O-O O-O 6. b3 c6 7.
Bb2 Re8 8. d4 Nbd7 9. Nc3 Nf8 10. Ne5 Bd6 11. e4 dxe4 12. Nxe4 Nxe4 13. Bxe4 Ng6 14.
Nxg6 hxg6 15. h4 Qc7 16. Kg2 b6 17. h5 gxh5 18. Qxh5 g6 19. Bxg6 fxg6 20. Qxg6+ Kf8 21. Rh1 Qf7 22. Rh8+ Ke7 23. Rh7 Rf8 24. Rxf7+ Rxf7 25. Re1 c5 26. d5 Rf6 27. Qxf6+ 1-0

[Event "Early-Titled-Tuesday-Blitz-May-14-2024"]
[Site "Chess.com"]
[Date "2024.05.14"]
[Round "3"]
[White "praveenb2002"]
[Black "toninhojit"]
[Result "1-0"]
[WhiteElo "2869"]
[BlackElo "2571"]
[TimeControl "180+1"]
[EndTime "8:24:43 PDT"]
[Termination "praveenb2002 won by resignation"]

1. c4 c5 2. Nf3 Nc6 3. Nc3 Nd4 4. e3 Nxf3+ 5. Qxf3 g6 6. b3 Bg7 7. Bb2 d6 8. g3 Nf6 9. Bg2 O-O 10. O-O Rb8 11. Qe2 a6 12. d4 cxd4 13. exd4 b5 14. c5 dxc5 15. dxc5 Bg4 16. Qe5 Qc8 17. Nd5 Nh5 18. Nxe7+ Kh8 19. Nxc8 1-0

[Event "Early-Titled-Tuesday-Blitz-May-14-2024"]
[Site "Chess.com"]
[Date "2024.05.14"]
[Round "3"]
[White "Chess4always"]
[Black "youngdinousaur"]
[Result "0-1"]
[WhiteElo "2027"]
[BlackElo "2377"]
[TimeControl "180+1"]
[EndTime "8:24:47 PDT"]
[Termination "youngdinousaur won by resignation"]

1. d4 Nf6 2. Bg5 Ne4 3. Bf4 g5 4. Be5 Rg8 5. f3 d6 6. Bg3 Nxg3 7. hxg3 h6 8. g4 Bg7 9. e4 c5 10. c3 cxd4 11. cxd4 Qb6 12. Nc3 Bxd4 13. Nge2 Bf2+ 14. Kd2 Qxb2+ 15. Kd3 Nc6 0-1

[Event "Early-Titled-Tuesday-Blitz-May-14-2024"]
[Site "Chess.com"]
[Date "2024.05.14"]
[Round "3"]
[White "DominguezOnYoutube"]
[Black "BillCoe"]
[Result "1-0"]
[WhiteElo "3002"]
[BlackElo "2180"]
[TimeControl "180+1"]
[EndTime "8:24:56 PDT"]
[Termination "DominguezOnYoutube won by resignation"]

1. e4 c5 2. Nf3 e6 3. d4 cxd4 4.
Nxd4 a6 5. a3 Qc7 6. Nc3 Nf6 7. f4 d6 8. Be3 Be7 9. g4 Nc6 10. g5 Nd7 11. h4 b5 12. Nxc6 Qxc6 13.
Qd4 O-O 14. O-O-O Bb7 15. h5 Qc5 16. Qxc5 Nxc5 17. Bxc5 dxc5 18. Rd7 b4 19. Rxb7 bxc3 20. Rxe7 cxb2+ 21. Kxb2 1-0

[Event "Early-Titled-Tuesday-Blitz-May-14-2024"]
[Site "Chess.com"]
[Date "2024.05.14"]
[Round "3"]
[White "MalyDominator"]
[Black "stasOR4ik"]
[Result "1-0"]
[WhiteElo "2660"]
[BlackElo "2451"]
[TimeControl "180+1"]
[EndTime "8:25:23 PDT"]
[Termination "MalyDominator won by resignation"]

1. e4 e6 2. d4 d5 3. e5 c5 4. c3 Nc6 5. Nf3 f6 6. Bb5 cxd4 7. cxd4 Qb6 8. Bxc6+ bxc6 9. O-O f5 10. Nc3 Bd7 11. Na4 Qb5 12. b3 Ne7 13. Ne1 Nc8 14. Nd3 Nb6 15.
Nac5 Bxc5 16. Nxc5 Rc8 17. a4 Qa5 18. Bd2 1-0

[Event "Early-Titled-Tuesday-Blitz-May-14-2024"]
[Site "Chess.com"]
[Date "2024.05.14"]
[Round "3"]
[White "ContrVersia"]
[Black "jinbojinbo"]
[Result "1-0"]
[WhiteElo "2914"]
[BlackElo "2661"]
[TimeControl "180+1"]
[EndTime "8:25:24 PDT"]
[Termination "ContrVersia won by resignation"]

1. Nf3 f5 2. d3 Nf6 3. e4 d6 4. Nc3 g6 5. exf5 Bxf5 6. d4 Bg7 7.
Bc4 d5 8. Bd3 Bg4 9. Bf4 O-O 10.
Bg3 c5 11. Be2 Nc6 12. dxc5 Qa5 13. O-O Qxc5 14. Ne5 Bxe2 15. Qxe2 Nh5 16. Nd7 Nxg3 17. Qe6+ 1-0

[Event "Early-Titled-Tuesday-Blitz-May-14-2024"]
[Site "Chess.com"]
[Date "2024.05.14"]
[Round "3"]
[White "Chessdude1987"]
[Black "campochess"]
[Result "1-0"]
[WhiteElo "2379"]
[BlackElo "2098"]
[TimeControl "180+1"]
[EndTime "8:25:31 PDT"]
[Termination "Chessdude1987 won by checkmate"]

1. e4 c5 2. Nf3 Nc6 3. Bb5 e6 4. O-O Nge7 5. Re1 a6 6. Bf1 Ng6 7.
c3 d6 8. d4 cxd4 9. cxd4 e5 10.
Nc3 Bg4 11. dxe5 Bxf3 12. Qxf3 dxe5 13. Bc4 f6 14. Be3 Qa5 15. Qf5 Nd8 16. Rad1 Qc7 17.
Nd5 Qxc4 18. Nxf6+ gxf6 19. Qd7# 1-0

[Event "Early-Titled-Tuesday-Blitz-May-14-2024"]
[Site "Chess.com"]
[Date "2024.05.14"]
[Round "3"]
[White "GMthekingindian"]
[Black "laurenzchess"]
[Result "0-1"]
[WhiteElo "2297"]
[BlackElo "2492"]
[TimeControl "180+1"]
[EndTime "8:25:32 PDT"]
[Termination "laurenzchess won by resignation"]

1. d4 Nf6 2. Nf3 g6 3. g3 Bg7 4. Bg2 O-O 5. O-O d6 6. b3 a5 7. c4 a4 8. Bb2 axb3 9. axb3 Rxa1 10. Bxa1 c6 11. Re1 Bf5 12. Nbd2 d5 13. Ne5 Nbd7 14.
Ndf3 Qa5 15. cxd5 cxd5 16. Nxd7 Bxd7 17. Ne5 Bb5 18. Qc2 Qxe1+ 0-1

[Event "Early-Titled-Tuesday-Blitz-May-14-2024"]
[Site "Chess.com"]
[Date "2024.05.14"]
[Round "3"]
[White "Shivananda1964"]
[Black "DonPreuss"]
[Result "1-0"]
[WhiteElo "2400"]
[BlackElo "2160"]
[TimeControl "180+1"]
[EndTime "8:25:33 PDT"]
[Termination "Shivananda1964 won by resignation"]

1. e4 Nc6 2. Nf3 d5 3. exd5 Qxd5 4. Nc3 Qh5 5. g3 e5 6. Bg2 Bc5 7. O-O Bg4 8. Re1 O-O-O 9. h3 Bxh3 10. Nxe5 Bg4 11.
Qxg4+ Qxg4 12. Nxg4 h5 13. Ne3 Nf6 14. d3 Nd4 15. Ne4 Bb6 16. Nxf6 gxf6 17. c3 Ne6 18. d4 h4 19. Nf5 hxg3 20. fxg3 Rh5 21. Rf1 Rg8 22.
Ne7+ 1-0

[Event "Early-Titled-Tuesday-Blitz-May-14-2024"]
[Site "Chess.com"]
[Date "2024.05.14"]
[Round "3"]
[White "martinez_95"]
[Black "patzer-reloaded"]
[Result "0-1"]
[WhiteElo "2163"]
[BlackElo "2394"]
[TimeControl "180+1"]
[EndTime "8:25:34 PDT"]
[Termination "patzer-reloaded won by resignation"]

1. e4 d6 2. Nc3 Nf6 3. g3 g6 4. Bg2 Bg7 5. Nge2 O-O 6. d4 Nbd7 7. h3 Rb8 8. a4 c5 9. Be3 b6 10. Qd2 a6 11. O-O cxd4 12. Nxd4 Bb7 13. Rad1 Qc7 14. f4 Nc5 15. Nd5 Nxd5 16. exd5 Nxa4 17. f5 Nxb2 18.
Rde1 Nc4 0-1

[Event "Early-Titled-Tuesday-Blitz-May-14-2024"]
[Site "Chess.com"]
[Date "2024.05.14"]
[Round "3"]
[White "Massakru"]
[Black "Pumpkin_in_moonlight"]
[Result "1-0"]
[WhiteElo "2406"]
[BlackElo "2197"]
[TimeControl "180+1"]
[EndTime "8:25:39 PDT"]
[Termination "Massakru won by resignation"]

1. e4 c5 2. c3 d5 3. exd5 Qxd5 4. Na3 e5 5. Nf3 Nc6 6. Bc4 Qd8 7. O-O Bd6 8. d4 cxd4 9. cxd4 exd4 10. Re1+ Nge7 11. Ng5 O-O 12. Qh5 h6 13. Nxf7 1-0

[Event "Early-Titled-Tuesday-Blitz-May-14-2024"]
[Site "Chess.com"]
[Date "2024.05.14"]
[Round "3"]
[White "the_chess_child"]
[Black "Lucky_Puncher"]
[Result "1-0"]
[WhiteElo "2862"]
[BlackElo "2560"]
[TimeControl "180+1"]
[EndTime "8:25:40 PDT"]
[Termination "the_chess_child won by resignation"]

1. e4 c5 2. Nf3 d6 3. d3 Nf6 4. g3 g6 5. Bg2 Bg7 6. O-O O-O 7. Re1 Nc6 8. h3 b5 9. e5 Ne8 10. Ng5 d5 11. e6 f6 12. Nf7 Rxf7 13.
exf7+ Kxf7 14. c4 Nc7 15. Nc3 Be6 16. Rxe6 1-0

[Event "Early-Titled-Tuesday-Blitz-May-14-2024"]
[Site "Chess.com"]
[Date "2024.05.14"]
[Round "3"]
[White "ATM622"]
[Black "temus_galaktionov"]
[Result "0-1"]
[WhiteElo "2547"]
[BlackElo "2878"]
[TimeControl "180+1"]
[EndTime "8:25:41 PDT"]
[Termination "temus_galaktionov won by resignation"]

1. d4 c6 2. c4 d6 3. Nf3 g6 4. g3 Bg7 5. Bg2 Nf6 6. O-O O-O 7. Nc3 Nbd7 8. Qc2 e5 9. Rd1 Qe7 10. b3 Re8 11. e3 Nf8 12. Bb2 e4 13. Nd2 Bf5 14.
h3 h5 15. Ne2 d5 16. a4 Qd7 17. Kh2 Ne6 18. cxd5 cxd5 19. b4 Ng5 20. Nf4 Nf3+ 21.
Kh1 g5 22. Bxf3 exf3 23. Nd3 Bxd3 0-1

[Event "Early-Titled-Tuesday-Blitz-May-14-2024"]
[Site "Chess.com"]
[Date "2024.05.14"]
[Round "3"]
[White "jumpingknight20"]
[Black "Smiechu"]
[Result "1-0"]
[WhiteElo "2738"]
[BlackElo "2511"]
[TimeControl "180+1"]
[EndTime "8:25:48 PDT"]
[Termination "jumpingknight20 won by resignation"]

1. c4 Nf6 2. Nc3 c5 3. g3 Nc6 4.
Bg2 g6 5. Nf3 Bg7 6. O-O O-O 7.
d4 cxd4 8. Nxd4 d6 9. Nxc6 bxc6 10. Bxc6 Rb8 11. b3 Bh3 12. Re1 Qb6 13. Bf3 Ng4 14.
Bxg4 Bxc3 15. Bxh3 Bxe1 16. Qxe1 e6 17. Qc3 d5 18. Bh6 d4 19. Qf3 1-0

[Event "Early-Titled-Tuesday-Blitz-May-14-2024"]
[Site "Chess.com"]
[Date "2024.05.14"]
[Round "3"]
[White "Slovineanu"]
[Black "rionelG"]
[Result "1-0"]
[WhiteElo "2489"]
[BlackElo "2269"]
[TimeControl "180+1"]
[EndTime "8:25:50 PDT"]
[Termination "Slovineanu won by resignation"]

1. d4 d5 2. Nf3 Nf6 3. c4 e6 4. e3 c6 5. Nbd2 Nbd7 6. Bd3 Bd6 7. O-O e5 8. cxd5 cxd5 9. dxe5 Nxe5 10. Nxe5 Bxe5 11.
Nf3 Bc7 12. b3 O-O 13. Bb2 h6 14. Rc1 Bg4 15. Bxf6 gxf6 16. Be2 Qd6 17. g3 Rad8 18. Nd4 Bxe2 19. Qxe2 Bb6 20. Nf5 Qe5 21. Qg4+ 1-0

[Event "Early-Titled-Tuesday-Blitz-May-14-2024"]
[Site "Chess.com"]
[Date "2024.05.14"]
[Round "3"]
[White "aa175"]
[Black "xxysoul6"]
[Result "0-1"]
[WhiteElo "2715"]
[BlackElo "2985"]
[TimeControl "180+1"]
[EndTime "8:26:02 PDT"]
[Termination "xxysoul6 won by resignation"]

1. d4 e6 2. Bf4 c5 3. e3 Qb6 4. Nc3 cxd4 5. exd4 Qxb2 6. Nb5 Bb4+ 7. Ke2 Nc6 8. h4 Nf6 9. Rb1 Qxa2 10. Nc7+ Ke7 11. Nxa8 Nd5 12. Bg5+ f6 13. Ra1 Nc3+ 14. Kd3 Ne5+ 15. dxe5 Qd5+ 16. Ke3 Nxd1+ 0-1

[Event "Early-Titled-Tuesday-Blitz-May-14-2024"]
[Site "Chess.com"]
[Date "2024.05.14"]
[Round "3"]
[White "JERO-8914"]
[Black "kritipatel"]
[Result "1-0"]
[WhiteElo "2404"]
[BlackElo "2178"]
[TimeControl "180+1"]
[EndTime "8:26:10 PDT"]
[Termination "JERO-8914 won by resignation"]

1. d4 d5 2. Nf3 Nf6 3. c4 e6 4. Nc3 Be7 5. Bg5 O-O 6. cxd5 exd5 7. e3 c6 8. Bd3 Nbd7 9. Qc2 Re8 10. O-O Nf8 11. Ne5 g6 12. f4 Ne6 13. Bh4 Nd7 14. Bxe7 Qxe7 15. f5 Ng5 16. fxg6 fxg6 17. Bxg6 hxg6 18. Qxg6+ Kh8 19. Rf7 Nxf7 20. Nxf7+ Qxf7 21. Qxf7 Rxe3 22. Qh5+ Kg7 23. Qg5+ 1-0

[Event "Early-Titled-Tuesday-Blitz-May-14-2024"]
[Site "Chess.com"]
[Date "2024.05.14"]
[Round "3"]
[White "KononenkoD"]
[Black "grozdanovic_a"]
[Result "1-0"]
[WhiteElo "2607"]
[BlackElo "2330"]
[TimeControl "180+1"]
[EndTime "8:26:15 PDT"]
[Termination "KononenkoD won by checkmate"]

1. Nf3 Nf6 2. d4 g6 3. c4 Bg7 4.
Nc3 d6 5. g3 O-O 6. Bg2 Nbd7 7.
O-O e5 8. e4 exd4 9. Nxd4 Nc5 10. Re1 Re8 11. h3 Bd7 12. Qc2 Qc8 13. Kh2 a6 14. Be3 Ne6 15. Rad1 Nxd4 16. Bxd4 Bc6 17. f4 Nh5 18. Bxg7 Nxg7 19. e5 Bxg2 20. Qxg2 dxe5 21. fxe5 Ne6 22. Nd5 Kg7 23. Qf2 c6 24. Nb6 Qc7 25. Rd7 Qb8 26. Qxf7+ Kh8 27. Qxh7# 1-0

[Event "Early-Titled-Tuesday-Blitz-May-14-2024"]
[Site "Chess.com"]
[Date "2024.05.14"]
[Round "3"]
[White "Yan_Dyomin2010"]
[Black "Yerlan-Ra"]
[Result "1-0"]
[WhiteElo "2675"]
[BlackElo "2476"]
[TimeControl "180+1"]
[EndTime "8:26:20 PDT"]
[Termination "Yan_Dyomin2010 won by resignation"]

1. e4 e5 2. d4 exd4 3. Qxd4 Nc6 4. Qd3 Nf6 5. Nc3 Bb4 6. Bd2 O-O 7. O-O-O Re8 8. Nge2 d6 9. Bg5 h6 10. Bxf6 Qxf6 11.
Nd5 Qe5 12. Nxc7 Qa5 13. Nxe8 Qxa2 14. c3 Be6 15. Qb1 Qa4 16. Nxd6 Rd8 17. cxb4 Nxb4 18.
Nc3 Qc6 19. Nf5 Na2+ 20. Qxa2 Rxd1+ 21. Kxd1 Qd7+ 22. Nd5 1-0

[Event "Early-Titled-Tuesday-Blitz-May-14-2024"]
[Site "Chess.com"]
[Date "2024.05.14"]
[Round "3"]
[White "Mihajlovskij"]
[Black "Perecke"]
[Result "1-0"]
[WhiteElo "2251"]
[BlackElo "2565"]
[TimeControl "180+1"]
[EndTime "8:26:27 PDT"]
[Termination "Mihajlovskij won by resignation"]

1. e4 c5 2. Nf3 e6 3. d4 cxd4 4. Nxd4 Nc6 5. Nc3 Qc7 6. Be3 a6 7. Qf3 b5 8. Qg3 Qxg3 9. hxg3 Bb7 10. f3 Nf6 11. O-O-O Bb4 12. Nce2 d5 13. Nxc6 Bxc6 14. Nd4 Bb7 15. exd5 Nxd5 16. Bf2 O-O-O 17. Bd3 h6 18. c3 Be7 19. Nb3 Kb8 20. Kb1 Rc8 21. Be4 Rhd8 22. Nd4 Bc5 23. Rhf1 b4 24. c4 Nb6 25. Bxb7 Kxb7 26.
b3 Rd7 27. Kc2 Rcd8 28. Nxe6 Rxd1 29. Nxc5+ 1-0